Map: Vigía EE

Players

Tarantula - Winner!

  • Race: Terran Terran
  • League: Silver
  • Spawn Location: 12:00

Ricardo - Winner!

  • Race: Terran Terran
  • Spawn Location: 9:00

eldaju - Winner!

  • Race: Protoss Protoss
  • League: Silver
  • Spawn Location: 9:00

MrFercho

  • Race: Zerg Zerg
  • League: Silver
  • Spawn Location: 5:00

tigro

  • Race: Terran Terran
  • League: Bronze
  • Spawn Location: 5:00

TATORREA

  • Race: Protoss Protoss
  • League: Gold
  • Spawn Location: 6:00

VOD

Have the link to the VOD?

Description

Time

  • Played on: July 3, 2020, 9:31 p.m.
  • Length: 20:18
Show
View Real Time Build Order
Export as new Build Order

Tarantula Terran - Winner!

Build Orders:  

Get SALT Encoding   

  12  0:02  SCV  
  13  0:15  SCV  
  14  0:25  Refinery  
  14  0:26  Supply Depot  
  14  0:30  SCV  
  15  0:53  Barracks  
  15  0:56  SCV  
  16  1:03  Barracks  
  16  1:08  Refinery  
  16  1:10  SCV  
  17  1:23  SCV  
  18  1:37  Supply Depot, SCV  
  19  1:42  Marine  
  20  1:59  Supply Depot  
  20  2:00  Orbital Command  
  20  2:05  Barracks Tech Lab  
  20  2:22  Factory  
  20  2:23  Barracks Reactor  
  20  2:28  SCV  
  21  2:40  Combat Shield  
  21  2:43  Marine  
  22  2:47  SCV  
  23  3:01  SCV  
  23  3:03  Marine x2  
  26  3:08  Starport  
  26  3:13  Starport, Factory Tech Lab  
  26  3:20  SCV  
  26  3:22  Marine x2  
  26  3:23  Marine  
  30  3:41  Marine x2  
  31  3:42  Marine  
  31  3:47  Medivac  
  35  3:54  Medivac  
  37  4:02  Marine x2  
  39  4:06  Supply Depot  
  39  4:16  Stimpack  
  39  4:20  Starport Tech Lab  
  39  4:24  Starport Tech Lab  
  39  4:32  Supply Depot  
  39  4:34  SCV  
  40  4:44  Siege Tank  
  43  5:02  SCV  
  43  5:07  Command Center  
  44  5:08  Engineering Bay  
  44  5:32  Siege Tank  
  44  5:33  Medivac  
  49  5:50  Medivac  
  49  5:52  Marine x2  
  49  5:54  Marine  
  39  6:51  Marine  
  39  6:52  Marine x2  
  42  7:08  Marine  
  43  7:22  Orbital Command  
  43  7:25  SCV  
  43  7:28  Marine x3, Refinery  
  47  7:37  SCV  
  48  7:46  Marine  
  48  7:49  Supply Depot, SCV  
  50  7:56  Supply Depot  
  50  8:04  Marine x2  
  52  8:05  Marine  
  52  8:06  Siege Tank  
  52  8:08  SCV  
  52  8:11  Fusion Core  
  57  8:21  SCV  
  57  8:23  Marine x2  
  57  8:25  Banshee  
  57  8:26  Banshee  
  66  8:53  Marine x2  
  66  8:54  Marine  
  66  8:55  Cloaking Field  
  69  8:58  Hyperflight Rotors  
  69  9:01  Siege Tank  
  72  9:06  SCV  
  73  9:11  SCV  
  74  9:19  SCV  
  74  9:23  SCV  
  74  9:24  Marine x2  
  76  9:29  Supply Depot  
  78  9:31  Supply Depot, Terran Infantry Weapons Level 1  
  78  9:50  Marine x2, SCV x2  
  82  10:03  SCV x2  
  84  10:15  SCV  
  85  10:24  Supply Depot  
  52  11:23  SCV  
  53  11:25  SCV  
  53  11:27  Marine x3  
  53  11:31  Medivac x2  
  61  11:35  SCV  
  61  11:37  SCV  
  63  11:43  Starport  
  63  11:45  Marine x3  
  66  11:47  Starport  
  66  11:48  SCV  
  67  11:54  Terran Infantry Armor Level 1  
  67  11:56  Supply Depot x2  
  67  12:00  SCV  
  68  12:02  Marine  
  68  12:03  Marine x2  
  71  12:12  Siege Tank, SCV  
  75  12:20  Marine x2  
  75  12:21  Marine  
  75  12:22  Engineering Bay  
  78  12:28  Advanced Ballistics, Armory  
  78  12:33  Armory  
  78  12:36  SCV  
  79  12:38  Marine x2  
  79  12:39  Marauder, Refinery  
  79  12:43  Starport Tech Lab x2  
  83  12:48  Barracks, SCV  
  84  13:00  Marauder  
  82  13:22  Marauder  
  81  13:29  Siege Tank  
  84  13:36  Bunker  
  84  13:40  Barracks Tech Lab  
  84  13:41  Barracks  
  84  13:43  Marauder  
  86  13:50  Medivac x2  
  86  13:51  Medivac  
  92  14:01  Siege Tank  
  92  14:02  Terran Infantry Armor Level 2  
  95  14:04  Marauder  
  92  14:26  Marauder  
  93  14:35  Siege Tank  
  89  14:40  Marine  
  89  14:41  Marine x2  
  91  14:47  Marauder  
  93  14:59  Barracks Tech Lab  
  93  15:15  Supply Depot  
  93  15:16  Supply Depot  
  93  15:18  Terran Infantry Weapons Level 2  
  93  15:22  Supply Depot  
  93  15:37  Marauder x2  
  93  15:58  Marauder x2  
  79  16:18  Marine x3, Hi-Sec Auto Tracking  
  79  16:20  Marauder x2  
  86  16:37  Marauder  
  86  16:39  Marine x2  
  89  16:41  Marauder x2  
  91  16:57  Marine  
  91  16:58  Marauder  
  94  17:02  Marauder x2  
  94  17:07  Marine  
  99  17:15  Marine  
  96  17:20  Marauder  
  98  17:23  Marine  
  98  17:24  Marauder, Marine  
  102  17:33  Marine  
  101  17:40  Marine  
  101  17:41  Marine  
  101  17:42  Marine  
  104  17:45  Marine  
  104  17:51  Marine  
  104  17:58  Marine  
  104  17:59  Marine  
  104  18:00  Marine  
  104  18:03  Marine  
  104  18:08  Marine  
  101  18:17  Marauder x2  
  101  18:18  Marine  
  106  18:20  Medivac x3  
  106  18:21  Marauder  
  106  18:26  Marine  
  106  18:36  Marine  
  106  18:38  Marauder, Marine  
  110  18:42  Supply Depot, Marine  
  110  18:44  Marine  
  112  18:54  Marine  
  113  18:56  Marauder  
  113  18:59  Marauder  
  113  19:01  Marauder  
  117  19:18  Marauder  
  92  19:52  Marine  
  92  19:53  Marine x4  
Show
View Real Time Build Order
Export as new Build Order

Ricardo Terran - Winner!

Build Orders:  

Get SALT Encoding   

  12  0:21  Supply Depot  
  12  0:29  Supply Depot  
  12  0:41  Supply Depot  
  12  0:46  Barracks  
  12  0:56  Refinery  
  12  1:10  Supply Depot  
  12  1:18  Refinery  
  12  1:47  Marine  
  13  2:05  Marine  
  14  2:23  Marine  
  14  2:25  SCV  
  16  2:30  Factory  
  16  2:37  SCV  
  16  2:41  Marine  
  18  2:49  SCV  
  19  3:01  SCV  
  20  3:14  Factory Tech Lab  
  20  3:17  Starport  
  20  3:20  SCV  
  21  3:34  Siege Tank  
  21  3:39  SCV  
  25  4:00  Fusion Core  
  25  4:01  Starport Tech Lab  
  25  4:04  SCV  
  26  4:16  SCV  
  27  4:29  SCV  
  28  4:50  Battlecruiser  
  34  5:02  SCV  
  35  5:14  SCV  
  36  5:27  Command Center  
  36  5:54  Battlecruiser  
  42  6:08  Starport  
  41  7:23  Supply Depot  
  38  7:41  Battlecruiser  
  38  7:43  Starport Tech Lab  
  44  7:51  Starport, SCV  
  45  8:04  SCV  
  46  8:08  Supply Depot  
  46  8:30  Battlecruiser, SCV  
  46  8:32  Supply Depot  
  53  8:37  Refinery  
  53  8:41  Refinery  
  53  8:42  SCV  
  54  8:54  Siege Tank, SCV  
  58  8:55  Supply Depot  
  58  9:13  Orbital Command  
  58  9:15  SCV  
  59  9:26  Siege Tank  
  59  9:27  SCV  
  63  9:32  Viking  
  65  9:39  SCV  
  66  9:52  SCV  
  67  9:58  Siege Tank  
  70  10:31  Supply Depot  
  70  10:53  Siege Tank, SCV  
  70  10:54  Supply Depot  
  74  11:00  Supply Depot  
  74  11:05  SCV  
  75  11:15  Battlecruiser  
  75  11:17  SCV  
  82  11:22  Battlecruiser  
  64  11:54  Viking  
  64  11:57  Siege Tank  
  69  12:24  Viking  
  69  12:25  Battlecruiser  
  69  12:29  Siege Tank  
  80  12:48  Command Center  
  80  13:04  Siege Tank  
  83  13:07  Battlecruiser  
  89  13:45  Siege Tank  
  92  13:52  Viking  
  94  14:00  Battlecruiser  
  94  14:01  Supply Depot  
  97  14:18  Siege Tank  
  97  14:22  Viking  
  90  14:24  Supply Depot  
  90  15:00  Battlecruiser  
  90  15:01  Viking  
  98  15:17  SCV  
  98  15:20  Refinery  
  99  15:29  Starport, SCV  
  99  15:31  Viking  
  102  15:42  SCV  
  93  16:12  Battlecruiser  
  93  16:15  Battlecruiser  
  93  16:16  Starport Tech Lab  
  105  16:19  Starport Tech Lab  
  89  17:14  Battlecruiser  
  89  17:17  Battlecruiser  
  71  18:28  Battlecruiser  
  71  18:30  Battlecruiser  
  83  18:39  Refinery  
  79  18:59  Viking  
  81  19:29  Viking  
Show
View Real Time Build Order
Export as new Build Order

eldaju Protoss - Winner!

Build Orders:  

Get SALT Encoding   

  12  0:01  Probe  
  13  0:18  Pylon  
  13  0:24  Assimilator  
  13  0:41  Assimilator  
  13  0:42  Probe  
  14  0:50  Gateway  
  14  0:54  Probe  
  15  1:07  Probe  
  16  1:35  Probe  
  17  1:45  Cybernetics Core  
  17  1:50  Pylon  
  17  1:59  Nexus  
  17  2:01  Probe  
  18  2:15  Assimilator  
  18  2:21  Probe  
  19  2:29  Stargate  
  19  2:38  Robotics Facility  
  19  2:45  Probe  
  20  3:00  Probe  
  21  3:11  Protoss Air Weapons Level 1  
  21  3:12  Probe  
  22  3:24  Void Ray, Probe  
  27  3:29  Observer  
  28  3:36  Probe  
  28  3:37  Probe  
  30  3:43  Assimilator  
  31  3:48  Probe  
  31  3:54  Pylon  
  31  4:11  Void Ray  
  31  4:14  Probe  
  36  4:25  Stargate  
  36  4:30  Probe  
  37  4:33  Probe  
  38  4:42  Probe  
  39  4:58  Void Ray  
  43  5:10  Fleet Beacon  
  43  5:14  Probe  
  44  5:25  Void Ray  
  44  5:26  Probe  
  49  5:47  Void Ray  
  53  6:01  Unknown  
  53  6:06  Probe  
  54  6:12  Pylon  
  54  6:16  Stargate  
  54  6:18  Pylon  
  54  6:30  Probe  
  55  6:43  Probe  
  56  7:30  Void Ray x2  
  56  7:31  Void Ray  
  68  7:58  Stargate  
  68  8:06  Stargate  
  68  8:14  Protoss Air Armor Level 1  
  68  8:41  Nexus  
  68  8:45  Assimilator  
  68  8:57  Pylon  
  68  9:00  Pylon  
  68  9:05  Assimilator  
  68  9:15  Void Ray x2  
  76  9:18  Void Ray x2  
  76  9:23  Pylon  
  84  9:41  Void Ray, Probe  
  89  9:53  Probe  
  86  10:25  Void Ray  
  86  10:26  Void Ray x2  
  86  10:27  Void Ray x2  
  106  10:32  Probe  
  107  10:44  Probe  
  107  10:47  Probe  
  109  11:02  Protoss Air Weapons Level 2  
  109  11:16  Pylon  
  109  11:19  Pylon  
  109  11:34  Void Ray x2  
  109  11:37  Void Ray, Probe  
  122  11:50  Probe  
  123  11:59  Probe  
  124  12:11  Probe  
  125  12:21  Forge  
  125  12:24  Stargate  
  125  12:44  Pylon  
  125  12:47  Pylon  
  125  13:01  Void Ray x2  
  125  13:05  Void Ray x2  
  141  13:32  Pylon  
  141  13:35  Pylon  
  141  13:50  Void Ray x2  
  141  13:52  Void Ray  
  141  13:53  Void Ray  
  157  14:03  Protoss Air Armor Level 2  
  157  14:15  Pylon  
  157  14:31  Void Ray  
  157  14:32  Void Ray  
  157  14:33  Void Ray  
  157  15:11  Void Ray x2  
  165  15:31  Void Ray  
  165  15:58  Void Ray  
  165  16:13  Void Ray  
  165  16:32  Void Ray  
  165  16:36  Void Ray  
  165  16:49  Void Ray  
  165  16:52  Void Ray x2  
  165  16:56  Void Ray  
  141  17:15  Void Ray  
  145  17:19  Void Ray  
  137  17:32  Void Ray  
  137  17:35  Void Ray  
  133  18:16  Void Ray x2  
  133  18:18  Void Ray x2  
  133  18:19  Void Ray  
  153  18:38  Nexus  
  153  19:01  Void Ray  
  153  19:02  Void Ray x2  
  165  19:16  Void Ray  
Show
View Real Time Build Order
Export as new Build Order

MrFercho Zerg 

Build Orders: Pool First 

Get SALT Encoding   

  12  0:01  Drone  
  13  0:17  Overlord  
  13  0:19  Drone  
  14  0:39  Spawning Pool, Drone  
  14  0:42  Drone  
  15  0:46  Drone  
  16  0:52  Extractor, Drone  
  16  1:01  Drone  
  17  1:14  Drone  
  18  1:23  Drone  
  19  1:31  Extractor  
  18  1:33  Overlord  
  18  1:44  Queen  
  20  1:49  Drone  
  20  1:53  Evolution Chamber  
  20  1:58  Metabolic Boost  
  20  2:03  Zergling x2  
  20  2:06  Zergling x2  
  22  2:16  Drone  
  22  2:22  Hatchery  
  22  2:28  Zergling x2  
  23  2:43  Drone  
  24  2:49  Zerg Ground Armor Level 1  
  24  2:54  Drone  
  24  2:55  Drone x3  
  28  3:02  Zergling x2  
  29  3:16  Baneling Nest  
  28  3:21  Zergling x2, Evolution Chamber  
  28  3:28  Drone  
  28  3:30  Drone  
  28  3:33  Overlord  
  30  3:46  Zergling x6  
  30  3:48  Zerg Melee Weapons Level 1  
  33  3:53  Drone  
  34  3:57  Zergling x2  
  34  3:59  Zergling x2  
  36  4:07  Lair  
  36  4:11  Zergling x2  
  37  4:18  Zergling x4  
  39  4:25  Drone  
  39  4:26  Zergling x2  
  41  4:40  Zergling x6  
  41  4:41  Overlord  
  44  5:09  Zerg Ground Armor Level 2  
  44  5:13  Centrifical Hooks  
  42  5:45  Baneling x13  
  42  6:03  Hatchery  
  25  6:28  Drone  
  25  6:29  Drone x10  
  29  6:59  Spore Crawler  
  29  7:00  Spore Crawler  
  23  7:22  Drone x3  
  20  7:23  Drone  
  15  7:38  Zergling x2  
  15  7:39  Zergling x2  
  15  7:42  Drone  
  18  7:46  Drone  
  19  7:56  Extractor, Drone  
  19  7:57  Drone  
  20  8:03  Drone  
  21  8:07  Drone  
  21  8:12  Drone  
  23  8:15  Drone  
  23  8:18  Drone  
  25  8:21  Drone  
  25  8:25  Drone  
  27  8:32  Drone  
  29  8:34  Drone  
  29  8:45  Overlord  
  29  8:49  Zerg Melee Weapons Level 2  
  29  8:53  Zergling x2  
  30  8:58  Baneling x3  
  30  9:00  Baneling  
  30  9:14  Zergling x2  
  30  9:15  Zergling x6  
  27  10:13  Drone x6  
  33  10:20  Hatchery  
  32  10:28  Queen  
  34  11:02  Zergling x6  
  34  11:03  Zergling x6  
  40  11:41  Drone x6  
  40  11:42  Drone  
  47  11:59  Overlord x2  
  47  12:15  Spire  
  46  12:18  Drone  
  46  12:19  Drone x7  
  54  12:23  Extractor  
  54  12:25  Extractor  
  52  12:44  Hatchery  
  52  12:51  Drone x2  
  52  13:39  Drone  
  52  13:40  Drone x8  
  61  13:46  Queen  
  63  13:53  Zerg Flyer Weapons Level 1  
  63  13:58  Hatchery  
  62  14:04  Corruptor x5, Infestation Pit  
  70  14:13  Extractor  
  70  14:16  Extractor  
  63  14:40  Hive  
  63  14:42  Corruptor x7  
  77  15:04  Corruptor  
  77  15:06  Overlord x3  
  77  15:07  Overlord x2  
  55  15:43  Corruptor x6  
  55  15:45  Corruptor  
  69  15:52  Greater Spire  
  62  16:01  Spore Crawler  
  50  16:04  Spore Crawler  
  50  16:10  Spore Crawler  
  48  16:13  Spore Crawler  
  47  16:18  Corruptor  
  35  16:53  Corruptor x4  
  43  17:07  Corruptor  
  43  17:08  Corruptor  
  43  17:11  Drone  
  46  17:28  Drone x5  
  46  17:29  Drone  
  51  17:39  Corruptor  
  47  17:58  Corruptor  
  47  17:59  Corruptor  
  47  18:32  Brood Lord x2  
  51  18:34  Corruptor x4  
  59  18:46  Corruptor x3  
  65  18:49  Corruptor  
  65  18:50  Corruptor x12  
  65  18:51  Corruptor  
  93  19:00  Brood Lord x2  
  97  19:03  Corruptor  
  97  19:04  Corruptor x2  
  103  19:30  Corruptor x3  
  103  19:31  Corruptor x9  
Show
View Real Time Build Order
Export as new Build Order

tigro Terran 

Build Orders:  

Get SALT Encoding   

  12  0:02  SCV  
  13  0:15  SCV  
  14  0:25  Supply Depot  
  14  0:27  SCV  
  15  0:35  Refinery  
  15  0:47  SCV  
  16  0:52  Barracks  
  16  0:59  SCV  
  16  1:01  Refinery  
  17  1:11  SCV  
  18  1:23  Supply Depot, SCV  
  19  1:35  SCV  
  20  1:40  Marine  
  21  1:47  SCV  
  22  1:58  Marine  
  22  1:59  SCV  
  24  2:08  Barracks  
  24  2:11  SCV  
  25  2:16  Marine  
  26  2:24  Engineering Bay  
  26  2:33  Marine, Orbital Command  
  27  2:51  Marine  
  27  2:57  Barracks Reactor, Factory  
  28  3:11  Terran Infantry Weapons Level 1  
  28  3:13  Barracks Tech Lab  
  28  3:41  Combat Shield  
  28  3:48  Factory Tech Lab  
  28  3:56  Marine x3, Starport  
  31  4:14  Marine x3  
  34  4:32  Marine x3  
  37  4:42  Medivac  
  37  4:43  Command Center  
  39  4:49  Siege Tank  
  42  5:00  Stimpack  
  42  5:05  Terran Infantry Armor Level 1  
  39  5:49  Marine x3  
  42  6:06  Refinery  
  42  6:07  Marine x3, SCV  
  42  6:11  Starport Tech Lab  
  46  6:19  SCV  
  46  6:25  Marine x3  
  50  6:31  SCV  
  51  6:42  Marine  
  51  6:43  Marine x2, SCV  
  55  6:55  SCV  
  55  6:59  Hi-Sec Auto Tracking  
  55  7:00  Marine  
  41  7:27  Fusion Core  
  41  7:33  Armory  
  41  7:37  SCV  
  42  7:44  Refinery  
  42  7:48  Marine  
  42  7:49  Marine x2, SCV  
  46  7:52  Siege Tank  
  46  7:57  Medivac  
  51  8:01  SCV  
  52  8:06  Marine x2  
  52  8:07  Marine  
  55  8:13  SCV  
  55  8:19  Supply Depot  
  56  8:24  Marine x3, Siege Tank  
  62  8:27  Weapon Refit  
  62  8:28  Command Center  
  62  8:41  Supply Depot, SCV  
  63  8:42  Marine x3  
  66  9:00  Marine  
  67  9:19  Missile Turret  
  67  9:28  Marine x3  
  70  9:39  Missile Turret  
  70  9:45  Marine  
  70  9:46  Marine x2  
  73  10:00  Missile Turret  
  73  10:03  Marine  
  73  10:04  Marine x2  
  75  10:07  Rapid Reignition System  
  55  10:20  Missile Turret  
  45  10:21  Marine  
  46  10:30  SCV  
  47  10:43  SCV  
  48  10:54  Missile Turret  
  48  10:55  SCV  
  49  11:03  Advanced Ballistics  
  49  11:07  SCV  
  50  11:19  SCV  
  50  11:21  Missile Turret  
  50  11:31  SCV  
  51  11:42  Missile Turret  
  51  11:44  Refinery  
  51  12:03  Missile Turret  
  51  12:13  Battlecruiser  
  57  12:25  Missile Turret  
  57  12:35  Planetary Fortress  
  57  12:36  Refinery  
  57  12:39  Planetary Fortress  
  57  12:55  Terran Infantry Weapons Level 2  
  57  13:00  Terran Vehicle Weapons Level 1  
  57  13:03  Marine x3  
  60  13:13  Siege Tank  
  60  13:17  Medivac  
  65  13:21  Marine x3  
  68  13:39  Marine x3  
  71  13:43  Starport  
  71  13:45  Siege Tank  
  71  13:47  Medivac  
  76  13:57  Marine x3  
  79  14:15  Marine  
  80  14:17  Battlecruiser, Siege Tank  
  83  14:38  Marine  
  83  14:39  Marine x2  
  66  14:54  Terran Vehicle And Ship Armor Level 1  
  66  14:56  Marine x3  
  60  15:11  Terran Infantry Armor Level 2  
  60  15:14  Marine x3  
  63  15:21  Battlecruiser  
  69  15:31  Missile Turret  
  69  15:32  Marine x3  
  59  15:50  Marine  
  60  16:00  Marine  
  60  16:01  Marine  
  59  16:08  Marine  
  52  16:11  Thor  
  56  16:18  Marine x2  
  55  16:25  Viking, Marine  
  54  16:36  Marine x2  
  54  16:37  Starport Tech Lab  
  54  16:43  Marine  
  54  16:45  Missile Turret  
  48  16:48  Terran Ship Weapons Level 1  
  48  16:54  Thor, Marine x2  
  41  16:55  Viking  
  44  17:01  Marine  
  37  17:12  Marine x2  
  37  17:14  Battlecruiser  
  37  17:19  Marine  
  37  17:22  Missile Turret  
  38  17:25  Viking  
  38  17:27  Neosteel Armor  
  38  17:29  Marine  
  39  17:30  Marine  
  37  17:37  Thor, Marine  
  31  18:24  Viking, Supply Depot  
  27  18:43  Battlecruiser  
  27  18:48  Supply Depot  
Show
View Real Time Build Order
Export as new Build Order

TATORREA Protoss 

Build Orders:  

Get SALT Encoding   

  12  0:01  Probe  
  13  0:13  Probe  
  14  0:22  Pylon  
  14  0:25  Probe  
  15  0:40  Probe  
  16  0:45  Gateway  
  16  0:52  Probe  
  17  1:01  Probe  
  17  1:02  Assimilator  
  17  1:06  Pylon  
  17  1:09  Probe  
  19  1:19  Probe  
  20  1:31  Probe  
  21  1:33  Cybernetics Core  
  21  1:41  Assimilator  
  21  1:43  Probe  
  21  1:46  Gateway  
  22  1:55  Probe  
  23  2:07  Probe  
  24  2:19  Probe  
  24  2:25  Nexus  
  24  2:30  Warp Gate  
  24  2:31  Stalker, Probe  
  27  2:40  Sentry  
  27  2:43  Probe  
  30  2:56  Pylon  
  30  2:58  Probe  
  31  2:59  Robotics Facility  
  31  3:14  Probe  
  31  3:17  Stalker  
  36  3:20  Sentry  
  36  3:26  Probe  
  37  3:38  Probe  
  37  3:39  Probe  
  39  3:49  Immortal  
  39  3:53  Probe x2  
  45  4:17  Probe, Nexus  
  45  4:19  Pylon, Probe  
  47  4:29  Observer  
  48  4:32  Probe x2  
  48  4:37  Assimilator  
  50  4:43  Assimilator  
  50  4:44  Probe x2  
  50  4:45  Stalker  
  54  4:47  Sentry  
  54  4:50  Immortal  
  60  4:58  Probe  
  61  5:00  Probe  
  61  5:02  Gateway  
  61  5:04  Gateway  
  62  5:12  Forge x2  
  62  5:25  Pylon  
  62  5:27  Protoss Ground Weapons Level 1  
  62  5:28  Pylon, Probe x2  
  62  5:30  Protoss Ground Armor Level 1  
  62  5:33  Probe  
  65  5:36  Stalker  
  65  5:37  Stalker  
  65  5:40  Probe  
  70  5:43  Immortal  
  74  5:55  Probe x2  
  74  5:56  Probe  
  77  6:10  Forge, Probe x2  
  79  6:12  Probe  
  79  6:13  Twilight Council  
  79  6:18  Stalker  
  68  6:44  Stalker x2  
  68  6:45  Stalker x2  
  60  6:58  Protoss Shields Level 1  
  60  7:05  Blink  
  60  7:14  Stalker x3  
  60  7:15  Stalker  
  68  7:16  Protoss Ground Armor Level 2, Protoss Ground Weapons Level 2  
  68  7:43  Stalker x2  
  68  7:44  Stalker x2  
  76  8:04  Gateway  
  76  8:07  Gateway  
  76  8:10  Gateway, Probe  
  76  8:11  Probe x2  
  79  8:16  Pylon  
  79  8:18  Pylon  
  79  8:28  Pylon  
  79  8:31  Pylon  
  79  8:34  Stalker x3  
  79  8:35  Stalker, Pylon  
  79  8:38  Assimilator  
  79  8:40  Assimilator  
  87  8:58  Protoss Shields Level 2  
  87  8:59  Stalker x3  
  87  9:00  Stalker  
  95  9:15  Stalker  
  95  9:16  Stalker x2  
  101  9:18  Immortal  
  105  9:26  Probe x3  
  108  9:39  Probe x3  
  111  9:48  Nexus  
  111  9:50  Pylon  
  111  9:51  Pylon  
  111  9:52  Probe x3  
  114  9:54  Pylon x2  
  114  9:57  Photon Cannon  
  114  9:59  Photon Cannon  
  114  10:01  Photon Cannon  
  114  10:03  Photon Cannon  
  114  10:05  Photon Cannon  
  114  10:06  Shield Battery  
  116  10:07  Probe x3  
  116  10:08  Shield Battery  
  117  10:15  Photon Cannon  
  117  10:16  Photon Cannon  
  117  10:19  Photon Cannon, Probe  
  117  10:20  Protoss Ground Weapons Level 3, Photon Cannon  
  117  10:21  Protoss Ground Armor Level 3  
  118  10:22  Shield Battery  
  118  10:26  Shield Battery  
  118  10:27  Probe x2  
  120  10:35  Probe  
  120  10:39  Probe  
  122  10:46  Immortal  
  122  10:48  Stalker  
  122  10:49  Stalker  
  103  11:15  Probe x3  
  100  11:21  Stalker  
  100  11:22  Stalker x4  
  100  11:23  Stalker x2  
  114  11:43  Protoss Shields Level 3  
  114  11:54  Probe x3  
  116  11:55  Probe  
  116  11:58  Stalker  
  116  11:59  Stalker x5  
  116  12:00  Stalker  
  132  12:12  Immortal  
  136  12:16  Probe x4  
  140  12:27  Photon Cannon  
  140  12:28  Photon Cannon  
  140  12:30  Photon Cannon  
  140  12:31  Shield Battery  
  140  12:32  Probe x4  
  140  12:34  Photon Cannon  
  140  12:36  Stalker  
  140  12:37  Stalker  
  148  12:48  Templar Archives  
  148  13:08  Stalker x2  
  148  13:09  Stalker x3  
  148  13:10  Stalker x2  
  162  13:28  Probe  
  162  13:29  Probe x3  
  166  13:37  Assimilator  
  166  13:39  Assimilator  
  166  13:43  Pylon  
  166  13:44  Probe x4  
  166  13:46  Pylon  
  166  13:47  Stalker  
  172  13:50  Pylon  
  172  13:53  Pylon  
  172  13:57  Pylon  
  142  14:35  Stalker  
  142  14:36  Stalker x4  
  142  14:37  Stalker x2  
  94  15:16  Stalker x4  
  94  15:17  Stalker x2  
  94  15:18  Gateway, Stalker  
  94  15:19  Gateway  
  108  15:22  Gateway x2  
  108  15:23  Gateway  
  108  15:26  Gateway  
  108  15:28  Gateway  
  108  15:29  Gateway  
  108  15:31  Gateway  
  108  15:34  Gateway x2  
  108  15:37  Pylon x2  
  108  15:38  Gateway  
  108  15:43  Stalker x4  
  108  15:44  Stalker x2  
  108  15:45  Stalker  
  108  15:47  Nexus  
  106  16:08  Stalker x3  
  106  16:09  Stalker x3  
  106  16:10  Stalker  
  94  16:11  Assimilator  
  94  16:13  Assimilator  
  94  16:22  Stalker x3  
  94  16:23  Stalker x2  
  98  16:37  Stalker x2  
  98  16:38  Stalker x4  
  98  16:39  Stalker x3  
  104  16:40  Stalker x3  
  104  16:42  Stalker x2  
  108  16:49  Stalker  
  108  16:50  Stalker x4  
  106  17:02  Stalker x3  
  106  17:03  Stalker x2  
  106  17:04  Stalker x2  
  106  17:05  Stalker  
  88  17:22  Stalker  
  88  17:23  Stalker x4  
  88  17:24  Stalker  
  88  17:25  Stalker  
  86  17:41  Stalker x2  
  86  17:42  Stalker x3  
  86  17:43  Stalker  
  92  17:56  Stalker x2  
  92  17:57  Stalker x3  
  75  18:13  Stalker x4  
  75  18:14  Stalker x2  
  64  18:35  Stalker x5  
  64  18:37  Stalker  
Tags
 
Add a new tag
Caveats
  • Supply blocks, unpowered buildings, or Contaminate may cause inaccurate times.
  • Supply counts are checked every 10 seconds.